 Dungeon Crawl Stone Soup version 0.25-a0-645-gb4487340cb (webtiles) character file.

Game seed: 12573932876978406265, levelgen mode: deterministic

3 Envy91 the Grasshopper (level 1, 0/17 HPs)
             Began as a Centaur Warper on Mar 21, 2020.
             Slain by a leopard gecko (2 damage)
             ... on level 1 of the Dungeon.
             The game lasted 00:04:31 (145 turns).

Envy91 the Grasshopper (Centaur Warper)              Turns: 145, Time: 00:04:32

Health: 0/17       AC:  4    Str: 13    XL:     1   Next: 41%
Magic:  3/3        EV:  9    Int: 12    God:
Gold:   0          SH:  0    Dex:  8    Spells: 3/3 levels left

rFire    . . .     SeeInvis .     - Unarmed
rCold    . . .     Gourm    .   (no shield)
rNeg     . . .     Faith    .   a - +0 leather armour
rPois    .         Spirit   .   (no helmet)
rElec    .         Reflect  .   (no cloak)
rCorr    .         Harm     .   (no gloves)
MR       .....                  (no barding)
Stlth    ..........             (no amulet)
HPRegen  0.05/turn              (no ring)
MPRegen  0.08/turn              (no ring)

@: very quick
A: large, hooves 3, deformed body, speed 2, tough skin 3
a: no special abilities


You were on level 1 of the Dungeon.
You were not hungry.

You visited 1 branch of the dungeon, and saw 1 of its levels.

Inventory:

Armour
 a - a +0 leather armour (worn)
Scrolls
 c - a scroll of blinking
Potions
 b - 2 potions of curing {unknown}
Comestibles
 f - 2 rations


   Skills:
 + Level 2.0 Fighting
 + Level 1.1 Throwing
 + Level 0.6 Armour
 + Level 1.3 Dodging
 + Level 2.2 Unarmed Combat
 + Level 1.6 Spellcasting
   Level 2.6 Translocations


You had 3 spell levels left.
You didn't know any spells.
Your spell library contained the following spells:

 Spells                   Type           Power        Failure   Level  Hunger
 Blink                    Tloc           N/A          19%         2    ###....
 Shroud of Golubria       Chrm/Tloc      #.....       30%         2    ###....
 Gell's Gravitas          Tloc           #.........   34%         3    ####...
 Lesser Beckoning         Tloc           #.........   34%         3    ####...
 Teleport Other           Tloc           #.......     34%         3    ####...
 Passage of Golubria      Tloc           N/A          75%         4    #####..


Dungeon Overview and Level Annotations

Branches:
Dungeon (1/15)

Altars:


Innate Abilities, Weirdness & Mutations

You have hooves in place of feet.
Armour fits poorly on your strangely shaped body.
You cover ground very quickly.
You have extremely tough skin. (AC +3)


Message History

The leopard gecko bites you.
The hobgoblin shouts!
You hear a shout!
The leopard gecko closely misses you.
You hit the hobgoblin.
The hobgoblin is severely wounded.
The leopard gecko bites you. The hobgoblin hits you with a +0 club.
The leopard gecko bites you. The hobgoblin closely misses you.
The leopard gecko bites you. The kobold barely misses you.
The leopard gecko bites you. The hobgoblin barely misses you.
The kobold barely misses you.
A goblin comes into view. It is wielding a +0 dagger.
The leopard gecko bites you. The hobgoblin hits you with a +0 club.
The kobold hits you with a +0 whip.
* * * LOW HITPOINT WARNING * * *
The leopard gecko misses you.
The hobgoblin hits you but does no damage.
The hobgoblin barely misses you. The kobold hits you with a +0 whip.
* * * LOW HITPOINT WARNING * * *
The leopard gecko bites you.
You die...

#####...#.
............#
#.....
.......g....
#.####
...........# #.#
...........#
##.###
...........#
#.)..#
...........#
#...##.
......Kgg..#####
#...... #@.......#
#.#.###
#####+###l.......#
#.#...
#................#
#.###.#
#.....##.........#
#.# ..
#.....##.#'#'####
#.# #
#.....##.#'#'###
#)#
#..............#
#.####
#..............#
#.#..#
#..........)...#
#.#..##


You could see a leopard gecko, 2 hobgoblins, a goblin and a kobold.

Vanquished Creatures
  A hobgoblin (D:1)
  A frilled lizard (D:1)
  A goblin (D:1)
  A rat (D:1)
4 creatures vanquished.

Notes
Turn   | Place    | Note
-------+----------+-------------------------------------------
     0 | D:1      | Envy91 the Centaur Warper began the quest for the Orb.
     0 | D:1      | Reached XP level 1. HP: 17/17 MP: 3/3
   145 | D:1      | Slain by a leopard gecko

Levels and vault maps discovered:
D:1:      scummos_arrival_simple_crosswalls, layout_basic,
          minmay_misc_feat_five, minivault_26

Action                   || total
-------------------------++-------
Melee: Unarmed           ||     3
Throw: Boomerang         ||     5
  Use: Potion            ||     1
Armor: Leather armour    ||     1
Dodge: Dodged            ||     8

Table legend:
 A = Non-vault XP
 B = Vault XP
 C = Vault XP percentage of total XP
 D = Non-vault monster count
 E = Vault monster count
 F = Vault count percentage of total count
                 A         B        C        D         E       F
            +---------+---------+-------+---------+---------+-------
      Total |       5 |       0 |   0.0 |       4 |       0 |   0.0
            +---------+---------+-------+---------+---------+-------
        D:1 |       5 |       0 |   0.0 |       4 |       0 |   0.0
            +---------+---------+-------+---------+---------+-------
